[ PARTIDA AOE2 · #468667339 ]
UnrankedCeltas vs Bohemians
[ ANÁLISIS DE REPETICIÓN · EXTRAÍDO DE LA PARTIDA GRABADA ]
Feudal
2:10
Castillos
8:02
Imperial
22:05
| APM promedio | 34.3 |
| APM pico | 72 |
| eAPM promedio | 27.2 |
| Aldeanos / militares | 166 / 311 |
Foco
⚔️ 23.3% · 🌾 76.7%
Woad Raider ×117 · Spearman ×100 · Mangonel ×55 · Battering Ram ×39 · Trade Cart ×17 · Fishing Ship ×15
Feudal
4:01
Castillos
9:14
Imperial
17:56
| APM promedio | 23.6 |
| APM pico | 68 |
| eAPM promedio | 19.7 |
| Aldeanos / militares | 165 / 487 |
Foco
⚔️ 32.3% · 🌾 67.7%
Scout Cavalry ×284 · Scorpion ×132 · Spearman ×42 · Trade Cart ×37 · Cannon Galleon ×14 · Fishing Ship ×6
Feudal
3:07
Castillos
7:37
Imperial
20:47
| APM promedio | 15.5 |
| APM pico | 40 |
| eAPM promedio | 10.0 |
| Aldeanos / militares | 47 / 51 |
Foco
⚔️ 29.7% · 🌾 70.3%
Spearman ×31 · Knight ×10 · Monk ×8 · Mangonel ×2
Feudal
—
Castillos
—
Imperial
—
| APM promedio | 41.7 |
| APM pico | 234 |
| eAPM promedio | 40.8 |
| Aldeanos / militares | 65 / 68 |
Foco
⚔️ 3.8% · 🌾 96.2%
Skirmisher ×51 · Mangonel ×9 · Scout Cavalry ×8
Feudal
6:31
Castillos
14:16
Imperial
18:42
| APM promedio | 29.1 |
| APM pico | 81 |
| eAPM promedio | 26.3 |
| Aldeanos / militares | 156 / 381 |
Foco
⚔️ 44.0% · 🌾 56.0%
Scout Cavalry ×191 · Knight ×108 · Spearman ×53 · Throwing Axeman ×24 · Fishing Ship ×10 · Trade Cart ×10
Feudal
1:55
Castillos
6:46
Imperial
16:42
| APM promedio | 33.9 |
| APM pico | 60 |
| eAPM promedio | 23.7 |
| Aldeanos / militares | 131 / 244 |
Foco
⚔️ 27.3% · 🌾 72.7%
War Wagon ×179 · Trade Cart ×70 · Bombard Cannon ×41 · Iron Pagoda ×23 · Fishing Ship ×19 · Monk ×1
Feudal
1:39
Castillos
5:17
Imperial
24:42
| APM promedio | 21.6 |
| APM pico | 48 |
| eAPM promedio | 14.9 |
| Aldeanos / militares | 117 / 165 |
Foco
⚔️ 27.1% · 🌾 72.9%
Ballista Elephant ×164 · Monk ×1
Feudal
2:34
Castillos
5:10
Imperial
17:17
| APM promedio | 22.3 |
| APM pico | 61 |
| eAPM promedio | 19.3 |
| Aldeanos / militares | 112 / 784 |
Foco
⚔️ 48.4% · 🌾 51.6%
Skirmisher ×344 · Camel Scout ×230 · Scout Cavalry ×156 · Cataphract ×46 · Trebuchet (Packed) ×7 · Monk ×1
Mapa de la partida
Recursos iniciales + cada clic de construcción. Líneas = muros · curvas = relieve. ◆ oro · ⬟ piedra · ● bayas · ✦ reliquia · ◌ hueco del cierre
Tu base· Abierta — flanco sin cerrar
Base de k4b4· Abierta — flanco sin cerrar
Base de alex87ktupq· Abierta — flanco sin cerrar
Base de behe95· Abierta — flanco sin cerrar
Base de 3129160440· Abierta — flanco sin cerrar
Base de Gordon Freeman· Abierta — flanco sin cerrar
Base de beta_player· Abierta — flanco sin cerrar
Base de perpimarc· Abierta — flanco sin cerrar
Terreno inicial suavizado · ◌ = hueco del cierre detectado · pasá el cursor para detalles
Inputs por minuto
— lolmanza7 - - k4b4
Build order — lolmanza7
Primeras 150 de 451 acciones detectadas
| 0:03 | Crear | Villager (Male) ×5 |
| 0:04 | Crear | Villager (Male) ×5 |
| 0:04 | Crear | Villager (Male) ×5 |
| 0:04 | Crear | Villager (Male) ×5 |
| 0:09 | Construir | House |
| 0:09 | Construir | House |
| 0:10 | Construir | House |
| 0:12 | Construir | House |
| 0:17 | Construir | Mill |
| 0:22 | Construir | Lumber Camp |
| 1:16 | Investigar | Feudal Age |
| 1:36 | Investigar | Loom |
| 1:56 | Crear | Villager (Male) ×5 |
| 2:10 | Edad | Edad Feudal |
| 2:13 | Construir | Dock |
| 2:16 | Investigar | Wheelbarrow |
| 2:20 | Crear | Villager (Male) |
| 2:22 | Investigar | Horse Collar |
| 2:25 | Investigar | Double-Bit Axe |
| 2:30 | Crear | Villager (Male) |
| 2:30 | Crear | Villager (Male) |
| 2:30 | Crear | Villager (Male) |
| 2:42 | Construir | Market |
| 2:58 | Construir | Market |
| 3:11 | Construir | Blacksmith |
| 3:18 | Crear | Villager (Male) |
| 3:18 | Crear | Villager (Male) |
| 3:18 | Crear | Villager (Male) |
| 3:23 | Crear | Fishing Ship |
| 4:37 | Crear | Fishing Ship |
| 4:39 | Crear | Villager (Male) |
| 4:39 | Crear | Villager (Male) |
| 4:39 | Crear | Villager (Male) |
| 6:10 | Crear | Fishing Ship |
| 6:11 | Crear | Fishing Ship |
| 6:11 | Crear | Fishing Ship |
| 6:52 | Investigar | Castle Age |
| 7:04 | Construir | Market |
| 7:48 | Construir | Barracks |
| 7:58 | Construir | Farm |
| 7:58 | Construir | Farm |
| 7:59 | Construir | Farm |
| 7:59 | Construir | Farm |
| 7:59 | Construir | Farm |
| 8:00 | Construir | Farm |
| 8:00 | Construir | Farm |
| 8:00 | Construir | Farm |
| 8:02 | Edad | Edad de los Castillos |
| 8:05 | Investigar | Pikeman (upgrade) |
| 8:13 | Construir | Castle |
| 8:28 | Construir | Fish Trap |
| 9:27 | Crear | Villager (Male) ×5 |
| 9:39 | Construir | Fish Trap |
| 9:39 | Construir | Fish Trap |
| 9:39 | Construir | Fish Trap |
| 9:40 | Construir | Fish Trap |
| 9:40 | Construir | Fish Trap |
| 9:40 | Construir | Fish Trap |
| 9:41 | Construir | Fish Trap |
| 9:41 | Construir | Fish Trap |
| 9:41 | Construir | Fish Trap |
| 9:50 | Crear | Spearman ×3 |
| 10:46 | Crear | Villager (Male) ×5 |
| 11:11 | Construir | Watch Tower |
| 12:02 | Construir | Lumber Camp |
| 12:19 | Crear | Woad Raider ×2 |
| 12:28 | Crear | Woad Raider |
| 12:29 | Crear | Woad Raider |
| 12:36 | Construir | Siege Workshop |
| 12:50 | Crear | Villager (Male) |
| 12:50 | Crear | Villager (Male) |
| 12:57 | Construir | Fish Trap |
| 12:58 | Construir | Fish Trap |
| 13:08 | Crear | Battering Ram |
| 13:18 | Crear | Battering Ram |
| 13:18 | Crear | Battering Ram |
| 13:53 | Construir | Siege Workshop |
| 13:56 | Crear | Villager (Male) |
| 13:56 | Crear | Villager (Male) |
| 13:56 | Crear | Villager (Male) |
| 14:22 | Construir | Mining Camp |
| 14:34 | Construir | House |
| 14:34 | Construir | House |
| 14:35 | Construir | House |
| 14:35 | Construir | House |
| 14:35 | Construir | House |
| 14:37 | Construir | House |
| 14:37 | Construir | House |
| 14:38 | Construir | House |
| 14:39 | Construir | House |
| 14:40 | Construir | House |
| 15:13 | Crear | Villager (Male) ×5 |
| 15:21 | Investigar | Gold Mining |
| 15:21 | Investigar | Stone Mining |
| 15:22 | Investigar | Stone Mining |
| 15:48 | Construir | Farm |
| 15:49 | Construir | Farm |
| 15:50 | Construir | Farm |
| 16:00 | Crear | Woad Raider ×2 |
| 16:08 | Construir | Mining Camp |
| 16:20 | Construir | Mining Camp |
| 16:35 | Construir | Farm |
| 16:36 | Construir | Farm |
| 16:40 | Crear | Villager (Male) ×5 |
| 16:47 | Construir | Town Center |
| 16:57 | Investigar | Bow Saw |
| 16:59 | Investigar | Heavy Plow |
| 17:04 | Crear | Villager (Male) ×5 |
| 17:14 | Crear | Woad Raider |
| 17:28 | Crear | Villager (Male) ×5 |
| 17:31 | Construir | Town Center |
| 17:36 | Construir | Town Center |
| 17:58 | Crear | Villager (Male) |
| 17:58 | Crear | Villager (Male) |
| 17:59 | Crear | Villager (Male) |
| 18:00 | Crear | Villager (Male) ×5 |
| 18:08 | Crear | Villager (Male) |
| 18:09 | Crear | Villager (Male) |
| 18:09 | Crear | Villager (Male) |
| 18:18 | Crear | Fishing Ship ×5 |
| 18:18 | Crear | Fishing Ship ×5 |
| 18:20 | Crear | Villager (Male) ×5 |
| 18:22 | Crear | Villager (Male) ×5 |
| 18:24 | Crear | Villager (Male) |
| 18:24 | Crear | Villager (Male) |
| 18:25 | Crear | Villager (Male) |
| 18:36 | Crear | Villager (Male) |
| 18:36 | Crear | Villager (Male) |
| 18:40 | Crear | Battering Ram |
| 19:32 | Construir | Stone Wall |
| 19:38 | Crear | Villager (Male) |
| 19:39 | Crear | Villager (Male) |
| 19:39 | Crear | Villager (Male) |
| 19:40 | Crear | Villager (Male) |
| 19:40 | Crear | Villager (Male) |
| 19:41 | Crear | Villager (Male) |
| 19:41 | Crear | Villager (Male) |
| 19:42 | Crear | Villager (Male) |
| 19:42 | Crear | Villager (Male) |
| 19:43 | Crear | Villager (Male) |
| 19:43 | Crear | Villager (Male) |
| 19:43 | Crear | Villager (Male) |
| 19:47 | Construir | Fish Trap |
| 19:48 | Construir | Fish Trap |
| 19:59 | Construir | Farm |
| 19:59 | Construir | Farm |
| 20:00 | Construir | Farm |
| 20:00 | Construir | Farm |
| 20:00 | Construir | Farm |
| 20:00 | Construir | Farm |
Build order — k4b4
Primeras 150 de 429 acciones detectadas
| 0:06 | Investigar | Loom |
| 0:08 | Crear | Villager (Male) ×5 |
| 0:08 | Crear | Villager (Male) ×5 |
| 0:18 | Construir | House |
| 0:18 | Construir | House |
| 0:20 | Construir | House |
| 0:32 | Construir | Dock |
| 0:48 | Construir | Mill |
| 1:13 | Construir | Lumber Camp |
| 1:19 | Crear | Fishing Ship |
| 1:20 | Crear | Fishing Ship |
| 1:20 | Crear | Fishing Ship |
| 1:20 | Crear | Fishing Ship |
| 1:21 | Crear | Fishing Ship |
| 1:21 | Crear | Fishing Ship |
| 2:02 | Investigar | Feudal Age |
| 3:14 | Crear | Villager (Male) ×5 |
| 3:14 | Crear | Villager (Male) |
| 3:31 | Construir | House |
| 3:33 | Construir | House |
| 4:01 | Edad | Edad Feudal |
| 4:08 | Construir | Stone Wall |
| 5:14 | Construir | Market |
| 5:27 | Construir | Fish Trap |
| 5:40 | Construir | Stone Wall |
| 6:00 | Construir | Barracks |
| 6:11 | Construir | Fish Trap |
| 6:12 | Construir | Fish Trap |
| 6:12 | Construir | Fish Trap |
| 6:13 | Construir | Fish Trap |
| 6:19 | Crear | Villager (Male) ×5 |
| 6:51 | Construir | Blacksmith |
| 7:14 | Construir | Fish Trap |
| 7:22 | Construir | Fish Trap |
| 7:37 | Construir | House |
| 7:39 | Construir | House |
| 7:40 | Construir | House |
| 7:46 | Investigar | Castle Age |
| 7:58 | Crear | Villager (Male) ×5 |
| 7:59 | Crear | Villager (Male) ×5 |
| 8:26 | Construir | Stone Wall |
| 8:56 | Construir | Farm |
| 8:56 | Construir | Farm |
| 8:57 | Construir | Farm |
| 8:57 | Construir | Farm |
| 8:57 | Construir | Farm |
| 8:59 | Construir | Farm |
| 9:14 | Edad | Edad de los Castillos |
| 9:21 | Construir | Town Center |
| 9:31 | Construir | Town Center |
| 9:51 | Construir | Town Center |
| 10:06 | Crear | Villager (Male) ×5 |
| 10:06 | Crear | Villager (Male) ×5 |
| 10:07 | Crear | Villager (Male) ×5 |
| 10:16 | Investigar | Wheelbarrow |
| 10:18 | Crear | Villager (Male) ×5 |
| 10:18 | Crear | Villager (Male) ×5 |
| 10:19 | Crear | Villager (Male) ×2 |
| 10:30 | Investigar | Double-Bit Axe |
| 10:43 | Construir | Monastery |
| 10:57 | Construir | Siege Workshop |
| 11:14 | Construir | House |
| 11:14 | Construir | House |
| 11:14 | Construir | House |
| 11:15 | Construir | House |
| 11:18 | Construir | House |
| 11:20 | Construir | House |
| 11:30 | Investigar | Hand Cart |
| 11:32 | Crear | Villager (Male) |
| 11:32 | Crear | Villager (Male) ×5 |
| 11:33 | Crear | Villager (Male) ×2 |
| 11:53 | Construir | Town Center |
| 12:03 | Construir | Farm |
| 12:03 | Construir | Farm |
| 12:03 | Construir | Farm |
| 12:04 | Construir | Farm |
| 12:04 | Construir | Farm |
| 12:05 | Construir | Farm |
| 12:32 | Crear | Villager (Male) ×5 |
| 12:32 | Crear | Villager (Male) ×5 |
| 12:46 | Construir | Farm |
| 12:46 | Construir | Farm |
| 12:46 | Construir | Farm |
| 12:47 | Construir | Farm |
| 12:48 | Construir | Farm |
| 13:06 | Construir | Farm |
| 13:06 | Construir | Farm |
| 13:07 | Construir | Farm |
| 13:07 | Construir | Farm |
| 13:07 | Construir | Farm |
| 13:08 | Construir | Farm |
| 13:09 | Construir | Farm |
| 13:09 | Construir | Farm |
| 13:10 | Construir | Farm |
| 13:11 | Construir | Farm |
| 13:13 | Construir | Farm |
| 13:23 | Construir | Siege Workshop |
| 13:27 | Investigar | Pikeman (upgrade) |
| 13:28 | Investigar | Arson |
| 13:36 | Construir | House |
| 13:39 | Construir | House |
| 13:40 | Construir | House |
| 13:46 | Construir | Farm |
| 13:50 | Construir | Farm |
| 14:02 | Crear | Villager (Male) ×5 |
| 14:03 | Crear | Villager (Male) ×5 |
| 14:18 | Crear | Villager (Male) ×5 |
| 14:27 | Construir | Farm |
| 14:28 | Construir | Farm |
| 14:28 | Construir | Farm |
| 14:28 | Construir | Farm |
| 14:29 | Construir | Farm |
| 14:31 | Construir | Farm |
| 14:35 | Investigar | Horse Collar |
| 14:48 | Construir | House |
| 14:48 | Construir | House |
| 14:49 | Construir | House |
| 14:49 | Construir | House |
| 14:50 | Construir | House |
| 14:51 | Construir | House |
| 14:53 | Construir | House |
| 14:53 | Construir | House |
| 15:05 | Construir | Stable |
| 15:05 | Construir | Stable |
| 15:07 | Construir | Stable |
| 15:25 | Construir | University |
| 15:33 | Crear | Monk |
| 15:42 | Investigar | Imperial Age |
| 15:48 | Crear | Villager (Male) ×5 |
| 15:52 | Crear | Villager (Male) |
| 15:53 | Crear | Villager (Male) ×5 |
| 15:53 | Crear | Villager (Male) ×5 |
| 15:53 | Crear | Villager (Male) ×2 |
| 15:58 | Crear | Villager (Male) ×5 |
| 15:58 | Crear | Villager (Male) ×5 |
| 16:03 | Crear | Villager (Male) ×5 |
| 16:03 | Crear | Villager (Male) ×5 |
| 16:04 | Crear | Villager (Male) ×5 |
| 16:20 | Investigar | Fortified Wall (upgrade) |
| 16:21 | Investigar | Heated Shot |
| 16:22 | Investigar | Ballistics |
| 16:30 | Construir | House |
| 16:31 | Construir | House |
| 16:31 | Construir | House |
| 16:32 | Construir | House |
| 16:32 | Construir | House |
| 16:33 | Construir | House |
| 16:34 | Construir | House |
| 16:34 | Construir | House |
| 16:35 | Construir | House |
Build order — alex87ktupq
Primeras 150 de 175 acciones detectadas
| 0:01 | Crear | Villager (Male) |
| 0:02 | Crear | Villager (Male) |
| 0:02 | Crear | Villager (Male) |
| 0:02 | Crear | Villager (Male) |
| 0:04 | Construir | House |
| 0:49 | Crear | Villager (Male) |
| 0:50 | Crear | Villager (Male) |
| 0:50 | Crear | Villager (Male) |
| 0:55 | Construir | House |
| 1:02 | Construir | Mill |
| 1:16 | Construir | Lumber Camp |
| 1:40 | Investigar | Loom |
| 1:46 | Investigar | Loom |
| 1:47 | Crear | Villager (Male) |
| 1:47 | Crear | Villager (Male) |
| 1:53 | Investigar | Feudal Age |
| 1:58 | Investigar | Feudal Age |
| 2:00 | Crear | Villager (Male) |
| 2:01 | Crear | Villager (Male) |
| 2:35 | Construir | Barracks |
| 3:07 | Edad | Edad Feudal |
| 3:13 | Crear | Villager (Male) |
| 3:14 | Crear | Villager (Male) |
| 3:15 | Investigar | Town Watch |
| 3:25 | Crear | Spearman |
| 3:47 | Crear | Spearman |
| 4:07 | Construir | Watch Tower |
| 4:34 | Construir | Stone Wall |
| 4:37 | Crear | Villager (Male) |
| 4:37 | Crear | Villager (Male) |
| 4:38 | Crear | Villager (Male) |
| 4:50 | Construir | Market |
| 5:00 | Construir | Blacksmith |
| 5:05 | Construir | House |
| 5:49 | Construir | Watch Tower |
| 6:23 | Investigar | Castle Age |
| 6:57 | Construir | Farm |
| 6:58 | Construir | Farm |
| 7:03 | Investigar | Horse Collar |
| 7:08 | Investigar | Double-Bit Axe |
| 7:37 | Edad | Edad de los Castillos |
| 9:11 | Construir | Castle |
| 9:17 | Construir | House |
| 9:23 | Construir | House |
| 9:29 | Construir | House |
| 9:51 | Crear | Villager (Male) |
| 9:57 | Construir | Farm |
| 9:58 | Construir | Farm |
| 9:59 | Construir | Farm |
| 10:10 | Construir | Stone Wall |
| 10:34 | Investigar | Pikeman (upgrade) |
| 10:35 | Crear | Spearman |
| 11:21 | Construir | Siege Workshop |
| 11:29 | Construir | Farm |
| 12:25 | Construir | Mining Camp |
| 14:25 | Crear | Villager (Male) |
| 14:25 | Crear | Villager (Male) |
| 14:26 | Crear | Villager (Male) |
| 14:26 | Crear | Villager (Male) |
| 15:12 | Construir | Town Center |
| 16:07 | Construir | Mining Camp |
| 16:47 | Investigar | Wheelbarrow |
| 17:42 | Construir | Farm |
| 17:44 | Construir | Farm |
| 17:47 | Construir | Farm |
| 17:50 | Construir | Farm |
| 18:04 | Construir | Monastery |
| 19:31 | Investigar | Imperial Age |
| 20:09 | Construir | Town Center |
| 20:47 | Edad | Edad Imperial |
| 20:56 | Crear | Villager (Male) |
| 20:56 | Crear | Villager (Male) |
| 20:57 | Crear | Villager (Male) |
| 20:57 | Crear | Villager (Male) |
| 20:57 | Crear | Villager (Male) |
| 20:58 | Crear | Villager (Male) |
| 21:10 | Construir | Farm |
| 21:31 | Crear | Villager (Male) |
| 21:32 | Crear | Villager (Male) |
| 21:41 | Construir | House |
| 21:56 | Construir | House |
| 22:03 | Crear | Villager (Male) |
| 22:03 | Crear | Villager (Male) |
| 22:47 | Crear | Monk |
| 22:47 | Crear | Monk |
| 22:48 | Crear | Monk |
| 22:48 | Crear | Monk |
| 23:16 | Investigar | Town Patrol |
| 23:17 | Crear | Villager (Male) |
| 23:17 | Crear | Villager (Male) |
| 23:18 | Crear | Villager (Male) |
| 23:46 | Construir | Mining Camp |
| 24:01 | Construir | House |
| 24:15 | Construir | House |
| 24:22 | Crear | Villager (Male) |
| 24:22 | Crear | Villager (Male) |
| 24:22 | Crear | Villager (Male) |
| 24:32 | Construir | Farm |
| 24:32 | Construir | Farm |
| 24:54 | Investigar | Hand Cart |
| 25:00 | Crear | Villager (Male) |
| 25:00 | Crear | Villager (Male) |
| 25:01 | Crear | Villager (Male) |
| 25:23 | Investigar | Bow Saw |
| 25:27 | Investigar | Heavy Plow |
| 26:00 | Construir | House |
| 28:39 | Crear | Monk |
| 28:39 | Crear | Monk |
| 28:39 | Crear | Monk |
| 28:40 | Crear | Monk |
| 28:45 | Investigar | Redemption |
| 29:06 | Investigar | Two-Man Saw |
| 29:28 | Crear | Villager (Male) |
| 29:28 | Crear | Villager (Male) |
| 29:28 | Crear | Villager (Male) |
| 29:29 | Crear | Villager (Male) |
| 29:46 | Construir | Lumber Camp |
| 30:01 | Construir | Siege Workshop |
| 30:12 | Construir | House |
| 31:06 | Construir | Stable |
| 31:14 | Crear | Villager (Male) |
| 31:14 | Crear | Villager (Male) |
| 31:15 | Crear | Villager (Male) |
| 32:20 | Crear | Mangonel |
| 32:29 | Construir | University |
| 32:36 | Construir | House |
| 32:53 | Investigar | Onager (upgrade) |
| 33:04 | Construir | House |
| 33:13 | Investigar | Cavalier (upgrade) |
| 33:14 | Crear | Knight |
| 33:14 | Crear | Knight |
| 33:14 | Crear | Knight |
| 33:15 | Investigar | Husbandry |
| 33:29 | Construir | Stone Wall |
| 33:54 | Construir | Siege Workshop |
| 34:14 | Crear | Mangonel |
| 34:47 | Crear | Knight |
| 34:47 | Crear | Knight |
| 34:47 | Crear | Knight |
| 34:48 | Crear | Knight |
| 34:54 | Crear | Knight |
| 34:54 | Crear | Knight |
| 34:54 | Crear | Knight |
| 36:07 | Construir | Barracks |
| 36:48 | Investigar | Halberdier (upgrade) |
| 36:48 | Crear | Spearman |
| 36:48 | Crear | Spearman |
| 36:49 | Crear | Spearman |
| 37:08 | Construir | Barracks |
| 37:59 | Crear | Spearman |
Build order — behe95
Primeras 150 de 337 acciones detectadas
| 0:20 | Crear | Villager (Male) ×15 |
| 1:39 | Construir | Lumber Camp |
| 2:14 | Construir | Barracks |
| 2:45 | Construir | Mill |
| 2:53 | Investigar | Feudal Age |
| 3:24 | Investigar | Feudal Age |
| 4:28 | Investigar | Wheelbarrow |
| 4:31 | Crear | Villager (Male) ×13 |
| 4:53 | Investigar | Double-Bit Axe |
| 5:51 | Construir | Stable |
| 6:02 | Construir | Farm |
| 6:02 | Construir | Farm |
| 6:02 | Construir | Farm |
| 6:02 | Construir | Farm |
| 6:02 | Construir | Farm |
| 6:02 | Construir | Farm |
| 6:02 | Construir | Farm |
| 6:02 | Construir | Farm |
| 6:02 | Construir | Farm |
| 6:02 | Construir | Farm |
| 6:02 | Construir | Farm |
| 6:02 | Construir | Farm |
| 6:02 | Construir | Farm |
| 6:07 | Construir | Farm |
| 6:07 | Construir | Farm |
| 6:07 | Construir | Farm |
| 6:07 | Construir | Farm |
| 6:07 | Construir | Farm |
| 6:07 | Construir | Farm |
| 6:07 | Construir | Farm |
| 6:07 | Construir | Farm |
| 6:07 | Construir | Farm |
| 6:07 | Construir | Farm |
| 6:07 | Construir | Farm |
| 6:07 | Construir | Farm |
| 6:08 | Construir | Farm |
| 6:08 | Construir | Farm |
| 6:08 | Construir | Farm |
| 6:08 | Construir | Farm |
| 6:08 | Construir | Farm |
| 6:08 | Construir | Farm |
| 6:08 | Construir | Farm |
| 6:08 | Construir | Farm |
| 6:08 | Construir | Farm |
| 6:10 | Construir | Farm |
| 6:10 | Construir | Farm |
| 6:10 | Construir | Farm |
| 6:10 | Construir | Farm |
| 6:10 | Construir | Farm |
| 6:10 | Construir | Farm |
| 6:10 | Construir | Farm |
| 6:10 | Construir | Farm |
| 6:10 | Construir | Farm |
| 6:10 | Construir | Farm |
| 6:10 | Construir | Farm |
| 6:13 | Construir | Farm |
| 6:13 | Construir | Farm |
| 6:13 | Construir | Farm |
| 6:13 | Construir | Farm |
| 6:13 | Construir | Farm |
| 6:13 | Construir | Farm |
| 6:13 | Construir | Farm |
| 6:13 | Construir | Farm |
| 6:13 | Construir | Farm |
| 6:13 | Construir | Farm |
| 6:13 | Construir | Farm |
| 6:13 | Construir | Farm |
| 6:13 | Construir | Farm |
| 6:13 | Construir | Farm |
| 6:24 | Construir | Farm |
| 6:38 | Construir | Farm |
| 6:38 | Construir | Farm |
| 6:38 | Construir | Farm |
| 6:38 | Construir | Farm |
| 6:38 | Construir | Farm |
| 6:38 | Construir | Farm |
| 6:38 | Construir | Farm |
| 6:38 | Construir | Farm |
| 6:38 | Construir | Farm |
| 6:46 | Construir | Market |
| 7:09 | Construir | Watch Tower |
| 7:34 | Crear | Scout Cavalry ×8 |
| 9:24 | Construir | Farm |
| 9:24 | Construir | Farm |
| 9:24 | Construir | Farm |
| 9:24 | Construir | Farm |
| 9:24 | Construir | Farm |
| 9:24 | Construir | Farm |
| 9:24 | Construir | Farm |
| 9:24 | Construir | Farm |
| 9:24 | Construir | Farm |
| 9:24 | Construir | Farm |
| 9:24 | Construir | Farm |
| 9:24 | Construir | Farm |
| 9:25 | Construir | Farm |
| 9:56 | Construir | Stone Wall |
| 12:27 | Investigar | Castle Age |
| 13:49 | Construir | Gate |
| 16:17 | Construir | Town Center |
| 18:48 | Crear | Villager (Male) ×3 |
| 20:10 | Construir | Mill |
| 21:06 | Construir | Farm |
| 21:06 | Construir | Farm |
| 21:06 | Construir | Farm |
| 21:06 | Construir | Farm |
| 21:06 | Construir | Farm |
| 21:06 | Construir | Farm |
| 21:06 | Construir | Farm |
| 21:06 | Construir | Farm |
| 21:06 | Construir | Farm |
| 21:06 | Construir | Farm |
| 21:06 | Construir | Farm |
| 21:06 | Construir | Farm |
| 21:06 | Construir | Farm |
| 21:06 | Construir | Farm |
| 21:47 | Construir | Farm |
| 21:47 | Construir | Farm |
| 21:47 | Construir | Farm |
| 21:47 | Construir | Farm |
| 21:47 | Construir | Farm |
| 21:47 | Construir | Farm |
| 21:47 | Construir | Farm |
| 21:47 | Construir | Farm |
| 21:48 | Construir | Farm |
| 21:48 | Construir | Farm |
| 21:48 | Construir | Farm |
| 21:48 | Construir | Farm |
| 21:48 | Construir | Farm |
| 21:48 | Construir | Farm |
| 21:48 | Construir | Farm |
| 21:48 | Construir | Farm |
| 21:48 | Construir | Farm |
| 21:48 | Construir | Farm |
| 21:48 | Construir | Farm |
| 21:48 | Construir | Farm |
| 21:48 | Construir | Farm |
| 21:50 | Construir | Farm |
| 21:50 | Construir | Farm |
| 21:50 | Construir | Farm |
| 21:50 | Construir | Farm |
| 21:50 | Construir | Farm |
| 21:50 | Construir | Farm |
| 21:50 | Construir | Farm |
| 21:50 | Construir | Farm |
| 21:53 | Construir | Farm |
| 21:53 | Construir | Farm |
| 21:53 | Construir | Farm |
| 21:53 | Construir | Farm |
| 21:53 | Construir | Farm |
| 21:53 | Construir | Farm |
Build order — 3129160440
Primeras 150 de 754 acciones detectadas
| 0:06 | Crear | Villager (Male) |
| 0:06 | Crear | Villager (Male) |
| 0:06 | Crear | Villager (Male) |
| 0:07 | Crear | Villager (Male) |
| 0:07 | Crear | Villager (Male) |
| 0:11 | Construir | House |
| 0:12 | Construir | House |
| 0:59 | Crear | Villager (Male) |
| 1:00 | Crear | Villager (Male) |
| 1:26 | Construir | Palisade Wall |
| 1:40 | Investigar | Loom |
| 2:02 | Construir | Mill |
| 2:48 | Crear | Villager (Male) |
| 2:48 | Crear | Villager (Male) |
| 3:02 | Construir | House |
| 3:26 | Construir | Lumber Camp |
| 3:31 | Crear | Villager (Male) |
| 3:32 | Crear | Villager (Male) |
| 3:42 | Crear | Villager (Male) |
| 3:42 | Crear | Villager (Male) |
| 3:54 | Construir | House |
| 3:55 | Construir | House |
| 3:56 | Construir | House |
| 3:57 | Construir | House |
| 4:10 | Investigar | Feudal Age |
| 4:37 | Construir | Dock |
| 5:38 | Construir | House |
| 5:40 | Construir | House |
| 5:41 | Construir | House |
| 5:42 | Construir | House |
| 5:45 | Construir | House |
| 5:46 | Construir | House |
| 5:50 | Crear | Fishing Ship |
| 5:51 | Crear | Fishing Ship |
| 5:52 | Crear | Fishing Ship |
| 6:31 | Edad | Edad Feudal |
| 6:34 | Crear | Villager (Male) |
| 6:35 | Crear | Villager (Male) |
| 6:35 | Crear | Villager (Male) |
| 6:36 | Crear | Villager (Male) |
| 6:36 | Crear | Villager (Male) |
| 6:36 | Crear | Villager (Male) |
| 6:53 | Crear | Villager (Male) |
| 6:54 | Crear | Villager (Male) |
| 7:08 | Crear | Fishing Ship |
| 7:09 | Crear | Fishing Ship |
| 7:10 | Investigar | Tech 906 |
| 7:39 | Crear | Villager (Male) |
| 7:39 | Crear | Villager (Male) |
| 7:40 | Crear | Villager (Male) |
| 7:40 | Crear | Villager (Male) |
| 8:09 | Construir | House |
| 8:10 | Construir | House |
| 8:11 | Construir | House |
| 8:13 | Construir | House |
| 8:14 | Construir | House |
| 8:15 | Construir | House |
| 8:17 | Construir | House |
| 8:24 | Crear | Fishing Ship |
| 8:24 | Crear | Fishing Ship |
| 8:43 | Construir | Lumber Camp |
| 8:56 | Construir | Mining Camp |
| 9:10 | Construir | Farm |
| 9:11 | Construir | Farm |
| 9:13 | Construir | Farm |
| 9:14 | Construir | Farm |
| 9:17 | Construir | Farm |
| 9:19 | Construir | Farm |
| 9:22 | Construir | Farm |
| 9:23 | Construir | Farm |
| 9:27 | Crear | Villager (Male) |
| 9:28 | Crear | Villager (Male) |
| 9:28 | Crear | Villager (Male) |
| 9:28 | Crear | Villager (Male) |
| 9:32 | Investigar | Double-Bit Axe |
| 9:37 | Construir | Farm |
| 9:57 | Construir | Farm |
| 10:15 | Construir | Market |
| 11:01 | Construir | Mining Camp |
| 11:32 | Construir | Blacksmith |
| 11:48 | Investigar | Gold Mining |
| 11:50 | Investigar | Stone Mining |
| 11:56 | Investigar | Castle Age |
| 12:11 | Construir | House |
| 12:12 | Construir | House |
| 12:13 | Construir | House |
| 12:14 | Construir | House |
| 12:15 | Construir | House |
| 12:33 | Construir | Fish Trap |
| 12:36 | Construir | Fish Trap |
| 12:38 | Construir | Fish Trap |
| 12:40 | Construir | Fish Trap |
| 12:44 | Construir | Fish Trap |
| 12:46 | Construir | Fish Trap |
| 12:48 | Construir | Fish Trap |
| 13:34 | Construir | Barracks |
| 13:35 | Construir | Barracks |
| 13:58 | Construir | House |
| 13:59 | Construir | House |
| 14:00 | Construir | House |
| 14:02 | Construir | House |
| 14:04 | Construir | House |
| 14:06 | Construir | House |
| 14:07 | Construir | House |
| 14:08 | Construir | House |
| 14:16 | Edad | Edad de los Castillos |
| 14:19 | Crear | Villager (Male) |
| 14:19 | Crear | Villager (Male) |
| 14:20 | Crear | Villager (Male) |
| 14:20 | Crear | Villager (Male) |
| 14:20 | Crear | Villager (Male) |
| 14:21 | Crear | Villager (Male) |
| 14:21 | Crear | Villager (Male) |
| 14:33 | Construir | Town Center |
| 14:49 | Construir | Castle |
| 14:52 | Investigar | Gold Shaft Mining |
| 14:55 | Investigar | Bow Saw |
| 14:57 | Crear | Villager (Male) |
| 14:58 | Crear | Villager (Male) |
| 14:58 | Crear | Villager (Male) |
| 14:58 | Crear | Villager (Male) |
| 14:59 | Crear | Villager (Male) |
| 15:13 | Construir | Town Center |
| 15:34 | Construir | Town Center |
| 15:37 | Crear | Villager (Male) |
| 15:38 | Crear | Villager (Male) |
| 15:38 | Crear | Villager (Male) |
| 15:39 | Crear | Villager (Male) |
| 15:39 | Crear | Villager (Male) |
| 15:39 | Crear | Villager (Male) |
| 15:40 | Crear | Villager (Male) |
| 15:45 | Investigar | Fletching |
| 15:46 | Investigar | Forging |
| 15:47 | Investigar | Scale Barding Armor |
| 15:48 | Investigar | Scale Mail Armor |
| 15:48 | Investigar | Padded Archer Armor |
| 15:53 | Investigar | Gillnets |
| 15:55 | Crear | Fishing Ship |
| 15:55 | Crear | Fishing Ship |
| 15:55 | Crear | Fishing Ship |
| 16:15 | Crear | Villager (Male) |
| 16:16 | Crear | Villager (Male) |
| 16:16 | Crear | Villager (Male) |
| 16:16 | Crear | Villager (Male) |
| 16:17 | Crear | Villager (Male) |
| 16:17 | Crear | Villager (Male) |
| 16:17 | Crear | Villager (Male) |
| 16:28 | Crear | Throwing Axeman |
| 16:28 | Crear | Throwing Axeman |
| 16:29 | Crear | Throwing Axeman |
Build order — Gordon Freeman
Primeras 150 de 493 acciones detectadas
| 0:04 | Investigar | Loom |
| 0:04 | Crear | Villager (Male) |
| 0:04 | Crear | Villager (Male) |
| 0:06 | Construir | House |
| 0:09 | Construir | House |
| 0:22 | Construir | Lumber Camp |
| 0:29 | Construir | Mill |
| 0:48 | Construir | Dock |
| 0:53 | Investigar | Feudal Age |
| 1:32 | Crear | Fishing Ship |
| 1:39 | Construir | House |
| 1:53 | Crear | Villager (Male) |
| 1:55 | Edad | Edad Feudal |
| 2:06 | Construir | Market |
| 2:09 | Construir | Blacksmith |
| 2:13 | Crear | Villager (Male) |
| 2:16 | Crear | Fishing Ship |
| 2:26 | Construir | House |
| 2:38 | Crear | Villager (Male) |
| 2:54 | Crear | Fishing Ship |
| 3:02 | Crear | Villager (Male) |
| 3:03 | Crear | Villager (Male) |
| 3:25 | Construir | House |
| 3:26 | Construir | House |
| 3:41 | Crear | Fishing Ship |
| 3:47 | Crear | Villager (Male) |
| 4:01 | Crear | Villager (Male) |
| 4:02 | Crear | Villager (Male) |
| 4:14 | Crear | Villager (Male) |
| 4:22 | Crear | Villager (Male) |
| 4:28 | Crear | Fishing Ship |
| 4:48 | Crear | Villager (Male) |
| 5:42 | Investigar | Castle Age |
| 6:46 | Edad | Edad de los Castillos |
| 7:06 | Construir | Town Center |
| 7:07 | Crear | Villager (Male) |
| 7:07 | Crear | Villager (Male) |
| 7:33 | Construir | Fish Trap |
| 7:40 | Construir | Fish Trap |
| 7:40 | Crear | Villager (Male) |
| 7:41 | Crear | Villager (Male) |
| 7:41 | Crear | Villager (Male) |
| 7:41 | Crear | Villager (Male) |
| 7:45 | Construir | Fish Trap |
| 7:48 | Construir | Fish Trap |
| 7:53 | Investigar | Tech 906 |
| 7:53 | Crear | Fishing Ship |
| 7:56 | Crear | Villager (Male) |
| 7:56 | Crear | Villager (Male) |
| 7:57 | Crear | Villager (Male) |
| 7:57 | Crear | Villager (Male) |
| 8:01 | Crear | Villager (Male) |
| 8:05 | Crear | Villager (Male) |
| 8:10 | Construir | Town Center |
| 8:12 | Crear | Villager (Male) |
| 8:17 | Crear | Villager (Male) |
| 8:41 | Construir | House |
| 8:42 | Crear | Villager (Male) |
| 8:42 | Crear | Villager (Male) |
| 9:25 | Crear | Villager (Male) |
| 9:32 | Construir | Lumber Camp |
| 9:40 | Construir | Fish Trap |
| 9:45 | Construir | Fish Trap |
| 9:47 | Investigar | Gillnets |
| 9:49 | Crear | Villager (Male) |
| 9:49 | Crear | Villager (Male) |
| 9:49 | Crear | Villager (Male) |
| 9:50 | Crear | Villager (Male) |
| 10:01 | Construir | House |
| 10:02 | Construir | House |
| 10:11 | Investigar | Double-Bit Axe |
| 10:17 | Crear | Villager (Male) |
| 10:17 | Crear | Villager (Male) |
| 10:18 | Crear | Villager (Male) |
| 10:18 | Crear | Villager (Male) |
| 10:23 | Investigar | Wheelbarrow |
| 10:23 | Crear | Villager (Male) |
| 10:23 | Crear | Villager (Male) |
| 10:24 | Crear | Villager (Male) |
| 10:31 | Crear | Villager (Male) |
| 10:38 | Crear | Villager (Male) |
| 10:38 | Crear | Villager (Male) |
| 10:39 | Crear | Villager (Male) |
| 10:39 | Crear | Villager (Male) |
| 10:39 | Crear | Villager (Male) |
| 10:39 | Crear | Villager (Male) |
| 10:48 | Construir | House |
| 10:49 | Construir | House |
| 11:47 | Crear | Villager (Male) |
| 11:48 | Crear | Villager (Male) |
| 11:48 | Crear | Villager (Male) |
| 11:51 | Crear | Villager (Male) |
| 11:51 | Crear | Villager (Male) |
| 12:06 | Construir | Town Center |
| 12:08 | Crear | Villager (Male) |
| 12:09 | Crear | Villager (Male) |
| 12:09 | Crear | Villager (Male) |
| 12:14 | Construir | Monastery |
| 12:18 | Construir | University |
| 12:19 | Crear | Villager (Male) |
| 12:19 | Crear | Villager (Male) |
| 12:19 | Crear | Villager (Male) |
| 12:22 | Crear | Trade Cart |
| 12:22 | Crear | Trade Cart |
| 12:23 | Crear | Trade Cart |
| 12:23 | Crear | Trade Cart |
| 12:32 | Crear | Fishing Ship |
| 12:33 | Crear | Fishing Ship |
| 12:33 | Crear | Fishing Ship |
| 12:33 | Crear | Fishing Ship |
| 12:34 | Crear | Fishing Ship |
| 12:37 | Construir | House |
| 12:37 | Construir | House |
| 12:38 | Construir | House |
| 12:39 | Crear | Villager (Male) |
| 12:39 | Crear | Villager (Male) |
| 12:51 | Crear | Villager (Male) |
| 12:51 | Crear | Villager (Male) |
| 12:52 | Crear | Villager (Male) |
| 12:58 | Construir | Mining Camp |
| 13:03 | Crear | Monk |
| 13:17 | Construir | Lumber Camp |
| 13:18 | Investigar | Gold Mining |
| 13:19 | Investigar | Stone Mining |
| 13:20 | Crear | Villager (Male) |
| 13:24 | Investigar | Hand Cart |
| 13:24 | Crear | Villager (Male) |
| 13:25 | Crear | Villager (Male) |
| 13:35 | Construir | Fish Trap |
| 13:36 | Crear | Fishing Ship |
| 13:40 | Construir | House |
| 14:01 | Construir | Fish Trap |
| 14:18 | Construir | Dock |
| 14:30 | Crear | Villager (Male) |
| 14:30 | Crear | Villager (Male) |
| 14:31 | Crear | Villager (Male) |
| 14:33 | Construir | Farm |
| 14:33 | Crear | Villager (Male) |
| 14:34 | Crear | Villager (Male) |
| 14:35 | Crear | Villager (Male) |
| 14:36 | Crear | Villager (Male) |
| 14:44 | Construir | Fish Trap |
| 15:01 | Investigar | Imperial Age |
| 15:04 | Crear | Trade Cart |
| 15:05 | Crear | Trade Cart |
| 15:05 | Crear | Trade Cart |
| 15:12 | Construir | Lumber Camp |
| 15:13 | Investigar | Bow Saw |
| 15:15 | Crear | Fishing Ship |
| 15:15 | Crear | Fishing Ship |
Build order — beta_player
Primeras 150 de 402 acciones detectadas
| 0:02 | Investigar | Loom |
| 0:03 | Crear | Villager (Male) |
| 0:03 | Crear | Villager (Male) |
| 0:10 | Construir | House |
| 0:12 | Construir | House |
| 0:47 | Investigar | Feudal Age |
| 1:39 | Edad | Edad Feudal |
| 1:44 | Crear | Villager (Male) |
| 1:45 | Crear | Villager (Male) |
| 1:45 | Crear | Villager (Male) |
| 2:27 | Crear | Villager (Male) |
| 2:44 | Crear | Villager (Male) |
| 2:55 | Crear | Villager (Male) |
| 3:59 | Crear | Villager (Male) |
| 4:06 | Investigar | Castle Age |
| 4:27 | Construir | Mining Camp |
| 4:53 | Construir | Mill |
| 4:59 | Crear | Villager (Male) |
| 5:00 | Crear | Villager (Male) |
| 5:17 | Edad | Edad de los Castillos |
| 5:26 | Construir | Castle |
| 6:35 | Construir | Mining Camp |
| 6:37 | Crear | Villager (Male) |
| 6:54 | Crear | Villager (Male) |
| 6:54 | Crear | Villager (Male) |
| 7:31 | Crear | Villager (Male) |
| 7:38 | Crear | Villager (Male) |
| 8:32 | Crear | Villager (Male) |
| 8:37 | Crear | Ballista Elephant |
| 8:40 | Crear | Villager (Male) |
| 8:41 | Crear | Villager (Male) |
| 8:58 | Crear | Villager (Male) |
| 9:02 | Construir | Town Center |
| 9:24 | Construir | University |
| 9:37 | Construir | Blacksmith |
| 9:52 | Crear | Villager (Male) |
| 9:53 | Crear | Villager (Male) |
| 9:56 | Investigar | Wheelbarrow |
| 10:36 | Crear | Villager (Male) |
| 10:37 | Crear | Villager (Male) |
| 10:39 | Crear | Villager (Male) |
| 10:39 | Crear | Villager (Male) |
| 10:39 | Crear | Villager (Male) |
| 11:45 | Construir | Mill |
| 11:53 | Crear | Villager (Male) |
| 11:53 | Crear | Villager (Male) |
| 12:05 | Crear | Villager (Male) |
| 12:05 | Crear | Villager (Male) |
| 12:30 | Crear | Ballista Elephant |
| 12:30 | Crear | Ballista Elephant |
| 12:53 | Crear | Villager (Male) |
| 13:07 | Construir | Stone Wall |
| 13:21 | Construir | Mining Camp |
| 13:33 | Crear | Ballista Elephant |
| 13:33 | Crear | Ballista Elephant |
| 13:49 | Construir | Castle |
| 14:00 | Crear | Ballista Elephant |
| 14:01 | Crear | Ballista Elephant |
| 14:55 | Construir | Farm |
| 14:56 | Construir | Farm |
| 14:57 | Construir | Farm |
| 14:58 | Construir | Farm |
| 14:59 | Construir | Farm |
| 15:00 | Construir | Farm |
| 15:01 | Construir | Farm |
| 15:14 | Construir | Castle |
| 15:31 | Construir | Mining Camp |
| 15:37 | Crear | Villager (Male) |
| 15:37 | Crear | Villager (Male) |
| 15:39 | Crear | Villager (Male) |
| 15:53 | Construir | Stone Wall |
| 15:56 | Construir | Stone Wall |
| 15:58 | Construir | Stone Wall |
| 16:00 | Construir | Stone Wall |
| 16:27 | Crear | Ballista Elephant |
| 16:28 | Crear | Ballista Elephant |
| 16:28 | Crear | Ballista Elephant |
| 16:48 | Crear | Ballista Elephant |
| 17:03 | Construir | Mining Camp |
| 17:08 | Crear | Ballista Elephant |
| 17:25 | Investigar | Scale Barding Armor |
| 18:12 | Crear | Ballista Elephant |
| 18:12 | Crear | Ballista Elephant |
| 18:13 | Crear | Ballista Elephant |
| 18:24 | Crear | Villager (Male) |
| 18:25 | Crear | Villager (Male) |
| 18:27 | Crear | Villager (Male) |
| 18:29 | Construir | Farm |
| 18:30 | Construir | Farm |
| 18:30 | Construir | Farm |
| 18:48 | Construir | Castle |
| 19:03 | Crear | Villager (Male) |
| 19:04 | Crear | Villager (Male) |
| 19:04 | Crear | Villager (Male) |
| 19:17 | Investigar | Ballistics |
| 19:20 | Crear | Villager (Male) |
| 19:20 | Crear | Villager (Male) |
| 19:26 | Crear | Villager (Male) |
| 19:26 | Crear | Villager (Male) |
| 19:28 | Construir | Market |
| 19:58 | Crear | Ballista Elephant |
| 19:59 | Crear | Ballista Elephant |
| 20:01 | Crear | Villager (Male) |
| 20:02 | Crear | Villager (Male) |
| 20:07 | Construir | Farm |
| 20:10 | Construir | Farm |
| 20:12 | Construir | Farm |
| 20:17 | Construir | Mining Camp |
| 20:29 | Crear | Ballista Elephant |
| 20:29 | Crear | Ballista Elephant |
| 20:35 | Crear | Ballista Elephant |
| 20:56 | Investigar | Murder Holes |
| 21:40 | Investigar | Masonry |
| 21:42 | Investigar | Chain Barding Armor |
| 21:45 | Crear | Villager (Male) |
| 21:45 | Crear | Villager (Male) |
| 22:18 | Investigar | Forging |
| 22:21 | Investigar | Fletching |
| 22:26 | Crear | Villager (Male) |
| 22:26 | Crear | Villager (Male) |
| 22:26 | Crear | Villager (Male) |
| 22:27 | Crear | Villager (Male) |
| 22:33 | Construir | Farm |
| 22:34 | Construir | Farm |
| 22:39 | Construir | Lumber Camp |
| 23:12 | Construir | Monastery |
| 23:26 | Investigar | Imperial Age |
| 23:28 | Crear | Villager (Male) |
| 23:28 | Crear | Villager (Male) |
| 23:29 | Crear | Villager (Male) |
| 23:30 | Crear | Villager (Male) |
| 23:36 | Crear | Monk |
| 23:55 | Crear | Villager (Male) |
| 23:55 | Crear | Villager (Male) |
| 23:57 | Construir | Mining Camp |
| 24:06 | Investigar | Fervor |
| 24:42 | Edad | Edad Imperial |
| 25:35 | Investigar | Elite Ballista Elephant (upgrade) |
| 25:41 | Crear | Villager (Male) |
| 25:43 | Crear | Villager (Male) |
| 25:46 | Construir | Town Center |
| 25:50 | Construir | Town Center |
| 25:53 | Construir | Town Center |
| 25:58 | Construir | Town Center |
| 26:05 | Investigar | Conscription |
| 26:09 | Crear | Villager (Male) |
| 26:12 | Crear | Villager (Male) |
| 26:23 | Crear | Villager (Male) |
| 26:24 | Crear | Villager (Male) |
| 26:38 | Construir | Mill |
Build order — perpimarc
Primeras 150 de 525 acciones detectadas
| 0:01 | Crear | Villager (Male) |
| 0:01 | Crear | Villager (Male) |
| 0:01 | Crear | Villager (Male) |
| 0:02 | Construir | House |
| 0:04 | Construir | House |
| 0:41 | Crear | Villager (Male) |
| 1:01 | Construir | Lumber Camp |
| 1:22 | Construir | Mill |
| 1:42 | Investigar | Feudal Age |
| 2:07 | Crear | Villager (Male) |
| 2:07 | Crear | Villager (Male) |
| 2:34 | Edad | Edad Feudal |
| 2:39 | Construir | Market |
| 2:48 | Construir | Blacksmith |
| 4:06 | Investigar | Castle Age |
| 4:37 | Crear | Villager (Male) |
| 4:37 | Crear | Villager (Male) |
| 4:49 | Investigar | Double-Bit Axe |
| 4:53 | Investigar | Horse Collar |
| 5:10 | Edad | Edad de los Castillos |
| 5:20 | Construir | Town Center |
| 5:37 | Crear | Villager (Male) |
| 5:47 | Investigar | Bow Saw |
| 5:59 | Crear | Villager (Male) |
| 6:05 | Crear | Villager (Male) |
| 6:06 | Crear | Villager (Male) |
| 6:12 | Construir | Farm |
| 6:13 | Construir | Farm |
| 6:28 | Construir | Farm |
| 6:38 | Construir | Farm |
| 6:50 | Crear | Villager (Male) |
| 7:10 | Construir | House |
| 7:10 | Construir | House |
| 7:15 | Construir | Farm |
| 7:16 | Crear | Villager (Male) |
| 7:18 | Crear | Villager (Male) |
| 7:20 | Construir | Farm |
| 7:39 | Crear | Villager (Male) |
| 7:42 | Crear | Villager (Male) |
| 7:44 | Crear | Villager (Male) |
| 7:52 | Construir | House |
| 7:53 | Construir | House |
| 8:00 | Construir | Town Center |
| 8:05 | Crear | Villager (Male) |
| 8:08 | Crear | Villager (Male) |
| 8:15 | Crear | Villager (Male) |
| 8:17 | Crear | Villager (Male) |
| 8:29 | Construir | House |
| 8:30 | Construir | House |
| 8:34 | Crear | Villager (Male) |
| 8:37 | Construir | Farm |
| 8:43 | Crear | Villager (Male) |
| 8:54 | Construir | Farm |
| 8:55 | Crear | Villager (Male) |
| 8:55 | Crear | Villager (Male) |
| 9:00 | Crear | Villager (Male) |
| 9:03 | Crear | Villager (Male) |
| 9:12 | Construir | Farm |
| 9:23 | Crear | Villager (Male) |
| 9:24 | Crear | Villager (Male) |
| 9:26 | Construir | Farm |
| 9:31 | Construir | House |
| 9:32 | Construir | House |
| 9:33 | Construir | House |
| 9:34 | Construir | House |
| 9:36 | Construir | House |
| 9:46 | Investigar | Loom |
| 9:46 | Investigar | Wheelbarrow |
| 9:56 | Construir | Town Center |
| 10:01 | Crear | Villager (Male) |
| 10:04 | Investigar | Heavy Plow |
| 10:06 | Crear | Villager (Male) |
| 10:08 | Crear | Villager (Male) |
| 10:10 | Crear | Villager (Male) |
| 10:10 | Crear | Villager (Male) |
| 10:14 | Construir | Farm |
| 10:18 | Construir | Farm |
| 10:22 | Crear | Villager (Male) |
| 10:24 | Crear | Villager (Male) |
| 10:29 | Crear | Villager (Male) |
| 10:39 | Construir | Farm |
| 10:40 | Crear | Villager (Male) |
| 10:40 | Crear | Villager (Male) |
| 10:47 | Crear | Villager (Male) |
| 10:47 | Crear | Villager (Male) |
| 10:51 | Crear | Villager (Male) |
| 10:52 | Crear | Villager (Male) |
| 10:59 | Construir | Farm |
| 11:11 | Construir | Farm |
| 11:15 | Construir | Farm |
| 11:17 | Crear | Villager (Male) |
| 11:18 | Crear | Villager (Male) |
| 11:20 | Crear | Villager (Male) |
| 11:23 | Crear | Villager (Male) |
| 11:29 | Construir | House |
| 11:32 | Construir | House |
| 11:38 | Construir | Farm |
| 11:39 | Crear | Villager (Male) |
| 11:41 | Crear | Villager (Male) |
| 11:42 | Crear | Villager (Male) |
| 11:44 | Crear | Villager (Male) |
| 11:44 | Crear | Villager (Male) |
| 11:49 | Construir | Farm |
| 12:01 | Construir | Monastery |
| 12:03 | Construir | House |
| 12:04 | Construir | House |
| 12:05 | Construir | House |
| 12:06 | Construir | House |
| 12:09 | Construir | Farm |
| 12:09 | Crear | Villager (Male) |
| 12:12 | Crear | Villager (Male) |
| 12:15 | Investigar | Hand Cart |
| 12:18 | Crear | Villager (Male) |
| 12:48 | Construir | Castle |
| 12:52 | Construir | Farm |
| 12:53 | Crear | Villager (Male) |
| 12:53 | Crear | Villager (Male) |
| 12:54 | Crear | Villager (Male) |
| 12:55 | Crear | Villager (Male) |
| 12:56 | Crear | Villager (Male) |
| 12:57 | Crear | Villager (Male) |
| 12:59 | Crear | Villager (Male) |
| 13:00 | Crear | Villager (Male) |
| 13:00 | Crear | Villager (Male) |
| 13:03 | Construir | Farm |
| 13:09 | Crear | Villager (Male) |
| 13:11 | Crear | Villager (Male) |
| 13:13 | Crear | Villager (Male) |
| 13:14 | Construir | Farm |
| 13:15 | Construir | Farm |
| 13:24 | Construir | Farm |
| 13:27 | Crear | Villager (Male) |
| 13:30 | Crear | Villager (Male) |
| 13:33 | Crear | Villager (Male) |
| 13:34 | Crear | Villager (Male) |
| 13:39 | Construir | Farm |
| 13:42 | Crear | Monk |
| 13:54 | Construir | House |
| 13:56 | Construir | House |
| 13:58 | Construir | House |
| 13:59 | Construir | House |
| 14:00 | Construir | House |
| 14:01 | Construir | House |
| 14:07 | Construir | Farm |
| 14:11 | Crear | Villager (Male) |
| 14:12 | Crear | Villager (Male) |
| 14:13 | Crear | Villager (Male) |
| 14:16 | Investigar | Scale Barding Armor |
| 14:17 | Investigar | Forging |
| 14:19 | Crear | Villager (Male) |
Cronología de la partida
| 0:32 | k4b4 · first_building Dock |
| 0:48 | Gordon Freeman · first_building Dock |
| 1:26 | 3129160440 · wall_segment Palisade Wall x11 |
| 1:39 | beta_player · age_up feudal |
| 1:55 | Gordon Freeman · age_up feudal |
| 2:10 | lolmanza7 · age_up feudal |
| 2:13 | lolmanza7 · first_building Dock |
| 2:14 | behe95 · first_building Barracks |
| 2:34 | perpimarc · age_up feudal |
| 2:35 | alex87ktupq · first_building Barracks |
| 3:07 | alex87ktupq · age_up feudal |
| 4:01 | k4b4 · age_up feudal |
| 4:08 | k4b4 · wall_segment Stone Wall x14 |
| 4:34 | alex87ktupq · wall_segment Stone Wall x11 |
| 4:37 | 3129160440 · first_building Dock |
| 5:10 | perpimarc · age_up castle |
| 5:17 | beta_player · age_up castle |
| 5:23 | Gordon Freeman · first_market_buy 100 food |
| 5:26 | beta_player · first_building Castle |
| 5:39 | Gordon Freeman · first_market_sell 100 wood |
| 5:40 | k4b4 · wall_segment Stone Wall x2 |
| 5:51 | behe95 · first_building Stable |
| 6:00 | k4b4 · first_building Barracks |
| 6:05 | alex87ktupq · first_market_buy 100 food |
| 6:31 | 3129160440 · age_up feudal |
| 6:46 | Gordon Freeman · age_up castle |
| 7:37 | alex87ktupq · age_up castle |
| 7:48 | lolmanza7 · first_building Barracks |
| 7:52 | alex87ktupq · first_market_sell 100 food |
| 8:02 | lolmanza7 · age_up castle |
| 8:13 | lolmanza7 · first_building Castle |
| 8:26 | k4b4 · wall_segment Stone Wall x11 |
| 9:04 | k4b4 · first_market_buy 100 wood |
| 9:11 | alex87ktupq · first_building Castle |
| 9:14 | k4b4 · age_up castle |
| 9:56 | behe95 · wall_segment Stone Wall x24 |
| 10:10 | alex87ktupq · wall_segment Stone Wall x9 |
| 10:43 | k4b4 · first_building Monastery |
| 10:57 | k4b4 · first_building Siege Workshop |
| 11:21 | alex87ktupq · first_building Siege Workshop |
| 12:01 | perpimarc · first_building Monastery |
| 12:14 | Gordon Freeman · first_building Monastery |
| 12:36 | lolmanza7 · first_building Siege Workshop |
| 12:48 | perpimarc · first_building Castle |
| 13:06 | 3129160440 · first_market_buy 100 wood |
| 13:07 | beta_player · wall_segment Stone Wall x11 |
| 13:10 | 3129160440 · first_market_sell 100 food |
| 13:34 | 3129160440 · first_building Barracks |
| 14:16 | 3129160440 · age_up castle |
| 14:47 | perpimarc · wall_segment Stone Wall x13 |
| 14:49 | 3129160440 · first_building Castle |
| 14:59 | perpimarc · first_building Barracks |
| 15:05 | k4b4 · first_building Stable |
| 15:14 | behe95 · first_market_buy 100 wood |
| 15:34 | perpimarc · first_building Archery Range |
| 15:49 | perpimarc · wall_segment Stone Wall x11 |
| 15:53 | beta_player · wall_segment Stone Wall x3 |
| 15:56 | beta_player · wall_segment Stone Wall x4 |
| 15:58 | beta_player · wall_segment Stone Wall x4 |
| 16:00 | beta_player · wall_segment Stone Wall x5 |
| 16:41 | Gordon Freeman · first_building Siege Workshop |
| 16:42 | Gordon Freeman · age_up imperial |
| 16:48 | perpimarc · first_building Stable |
| 17:17 | perpimarc · age_up imperial |
| 17:56 | k4b4 · age_up imperial |
| 18:04 | alex87ktupq · first_building Monastery |
| 18:13 | 3129160440 · first_building Stable |
| 18:42 | 3129160440 · age_up imperial |
| 19:05 | Gordon Freeman · first_building Castle |
| 19:32 | lolmanza7 · wall_segment Stone Wall x11 |
| 20:09 | 3129160440 · first_building Siege Workshop |
| 20:47 | alex87ktupq · age_up imperial |
| 20:50 | k4b4 · first_building Castle |
| 22:05 | lolmanza7 · age_up imperial |
| 23:12 | beta_player · first_building Monastery |
| 23:22 | beta_player · first_market_buy 100 food |
| 23:28 | perpimarc · wall_segment Stone Wall x13 |
| 24:42 | beta_player · age_up imperial |
| 27:20 | 3129160440 · first_building Monastery |
| 29:06 | perpimarc · first_market_sell 100 stone |
| 29:46 | beta_player · first_building Stable |
| 31:06 | alex87ktupq · first_building Stable |
| 32:12 | k4b4 · first_market_sell 500 wood |
| 32:54 | k4b4 · wall_segment Stone Wall x11 |
| 33:13 | behe95 · first_building Siege Workshop |
| 33:29 | alex87ktupq · wall_segment Stone Wall x4 |
| 37:18 | behe95 · first_building Archery Range |
| 38:03 | k4b4 · resign |
[ ANÁLISIS IA · 1 CRÉDITO ]
¿Qué pasó realmente en esta partida?
Wolo.gg analiza cada decisión: build order, eco, micro, errores típicos por bracket. Análisis personalizado por WhatsApp o Discord en 30 segundos.
Guía civ
Celtas
Guía mapa
Black Forest
Perfil
lolmanza7